AoeStats
← Ady9204

MegaRandom

509497490Analyzed
2v2 RM · 7d ago on Sep 27, 2026· 16m 29s· 4 players
Game mode
Random Map
Map size
Medium (4 player)
Population
200
Speed
Normal
Resources
Standard
Victory
Conquest
Starting age
Dark Age
Ending age
Imperial Age
RankedLock teamsTeams togetherTeam positionsShared explorationLock speedFull tech treeHidden civsTurbo modeCheats
Victory
Defeat
🇲🇽 Romans · Mexico
708
+42
🇨🇴 Danes · Colombia
708
+42
🇩🇪 Magyars · Germany
743
-18
🇩🇪 Chinese · Germany
741
-18
CastWind6346
6:56 Loom
10:00 Feudal Age
10:29 Double-Bit Axe
11:32 Horse Collar
13:44 Fletching
14:30 Padded Archer Armor
Ady9204
1:56 Loom
10:17 Feudal Age
11:03 Horse Collar
11:29 Double-Bit Axe
15:00 Wheelbarrow
14:53 Town Watch
Tomzi
11:23 Feudal Age
14:34 Double-Bit Axe
GipfelTuch
12:20 Feudal Age
11:38 Loom
12:48 Double-Bit Axe
12:44 Horse Collar
13:52 Wheelbarrow
Connection lost

Rejoining the realm…

Still unreachable

The connection could not be restored.

Session expired

The server has moved on; the page needs a fresh start.